 Dungeon Crawl Stone Soup version 0.28-a0-938-gbc3f381ebc (webtiles) character file.

Game seed: 10623932321203176048

4218 bande the Cleaver (level 10, -3/61 HPs)
             Began as a Gargoyle Fighter on Nov 29, 2021.
             Was an Elder of Okawaru.
             Slain by a yak (5 damage)
             ... on level 8 of the Dungeon.
             The game lasted 00:13:30 (7209 turns).

bande the Cleaver (Gargoyle Fighter)                Turns: 7209, Time: 00:13:31

Health: -3/61      AC: 17    Str: 22    XL:     10   Next: 30%
Magic:  13/13      EV:  9    Int:  8    God:    Okawaru [****..]
Gold:   1365       SH: 13    Dex: 11    Spells: 9/9 levels left

rFire   . . .      SeeInvis +   a - +1 war axe (spect)
rCold   . . .      Faith    +   u - +0 tower shield
rNeg    + . .      Spirit   .   I - +1 chain mail {Will+}
rPois   ∞          Reflect  .   (helmet restricted)
rElec   +          Harm     .   m - +0 cloak
rCorr   .          Rampage  .   j - +0 pair of gloves
Will    +++..                   (no boots)
Stlth   ..........              c - amulet of Lucle {Faith *Corrode Will+ Int+4 SInv}
HPRegen 0.20/turn               n - ring of willpower
MPRegen 0.13/turn               s - ring "Iloshuc" {Fly rElec rPois EV+4 Int-4}

@: corroded, flying
A: sickness immunity, AC +7, negative energy resistance 1, electricity
resistance, torment resistance 1, petrification resistance, antennae 1, sturdy
frame 1
a: Renounce Religion, Heroism, Finesse


You were on level 8 of the Dungeon.
You worshipped Okawaru.
Okawaru was greatly pleased with you.
You visited 2 branches of the dungeon, and saw 9 of its levels.
You also visited: Sewer.

You collected 1365 gold pieces.

Inventory:

Hand Weapons
 a - a +1 spectral war axe (weapon)
 e - a +0 flail
 G - a +0 war axe
 H - a +1 mace of protection
Armour
 j - a +0 pair of gloves (worn)
 l - a +0 helmet
 m - a +0 cloak (worn)
 p - a +0 plate armour
 u - a +0 tower shield (worn)
 I - a +1 chain mail of willpower (worn)
Jewellery
 c - the amulet of Lucle (around neck) {Faith *Corrode Will+ Int+4 SInv}
   (You acquired it on level 6 of the Dungeon)

   [amulet of faith]

   It allows you to gain divine favour quickly.
   Int:       It affects your intelligence (+4).
   SInv:      It lets you see invisible.
   *Corrode:  It may corrode you when you take damage.
   Will:      It increases your willpower.
 n - a ring of willpower (left hand)
 s - the ring "Iloshuc" (right hand) {Fly rElec rPois EV+4 Int-4}
   (You found it on level 4 of the Dungeon)

   [ring of evasion]

   EV:        It affects your evasion (+4).
   Int:       It affects your intelligence (-4).
   rElec:     It insulates you from electricity.
   rPois:     It protects you from poison.
   Fly:       It grants you flight.
 v - a ring of see invisible
Wands
 q - a wand of paralysis (9)
 t - a wand of acid (9)
 D - a wand of iceblast (3)
Scrolls
 b - a scroll of teleportation
 f - a scroll of silence
 h - 2 scrolls of fog
 r - 4 scrolls of brand weapon
 y - 2 scrolls of magic mapping
 z - 3 scrolls of blinking
 A - 6 scrolls of enchant weapon
Potions
 d - a potion of might
 g - 2 potions of cancellation
 i - a potion of heal wounds
 k - a potion of brilliance
 o - 3 potions of curing
 w - 3 potions of haste
 x - a potion of resistance {unknown}
 B - 3 potions of invisibility
 C - 2 potions of mutation
 E - a potion of berserk rage {unknown}
 F - a potion of ambrosia {unknown}


   Skills:
 + Level 6.3 Fighting
 + Level 8.8 Axes
 + Level 6.6 Armour
 + Level 6.5 Shields
 * Level 4.5 Invocations
 * Level 4.7 Evocations


You had 9 spell levels left.
You didn't know any spells.
Your spell library contained the following spells:

 Spells                   Type           Power      Damage    Failure   Level
 Gell's Gravitas          Tloc           0%         N/A       100%        3
 Lesser Beckoning         Tloc           0%         N/A       100%        3
 Teleport Other           Tloc           0%         N/A       100%        3
 Petrify                  Tmut/Erth      0%         N/A       100%        4
 Irradiate                Conj/Tmut      0%         3d13      100%        5
 Sublimation of Blood     Necr           Unusable   N/A       N/A         2

Dungeon Overview and Level Annotations

Branches:
Dungeon (8/15)             Temple (1/1) D:5           Sewer (visited)
   Lair: D:8-11

Altars:
Ashenzari
Cheibriados
Dithmenos
Fedhas
Gozag
Hepliaklqana
Nemelex Xobeh
Okawaru
Ru
Sif Muna
Uskayaw
Vehumet
Xom
Zin
The Shining One

Shops:
D:1 [   D:7 [


Innate Abilities, Weirdness & Mutations

You are immune to sickness and miasma.
Your stone body is resilient. (AC +7)
You are immune to poison.
You resist negative energy. (rN+)
You are resistant to electric shocks. (rElec)
You are resistant to unholy torment.
You are immune to petrification.
You have a pair of small antennae on your head.
Your movements are slightly less encumbered by armour. (ER -2)


Message History

The yak barely misses your +1 spectral war axe.
Unknown command.
You closely miss the yak.
The yak is lightly wounded.
You closely miss the yak.
Your +1 spectral war axe hits the yak.
You kill the yak!
Okawaru accepts your kill. The yak misses you.
The yak barely misses your +1 spectral war axe.
Something gores your +1 spectral war axe!
Your spectral weapon shares its damage with you!
* * * LOW HITPOINT WARNING * * *
You block the yak's attack.
The yak closely misses your +1 spectral war axe.
You barely miss the yak.
The yak is lightly wounded.
Something gores your +1 spectral war axe.
Your spectral weapon shares its damage with you!
* * * LOW HITPOINT WARNING * * *
Your corrosive artefact corrodes you!
You block the yak's attack.
The yak gores your +1 spectral war axe but does no damage.
Something completely misses your +1 spectral war axe.
You slash the yak!
The yak is heavily wounded.
The yak gores you.
* * * LOW HITPOINT WARNING * * *
The yak gores your +1 spectral war axe!
Your spectral weapon shares its damage with you!
Your +1 spectral war axe fades away.
* * * LOW HITPOINT WARNING * * *
You block the yak's attack.
You closely miss the yak.
The yak is heavily wounded.
You hit the yak but do no damage.
Your +1 spectral war axe hits the yak!
The yak gores your +1 spectral war axe!
Your spectral weapon shares its damage with you!
* * * LOW HITPOINT WARNING * * *
The yak snorts and paws the ground.
The yak barely misses you. The yak gores you.
You die...

...... ...... .... .. .....
...... .Y.##. .#... ......
...Y.. .... ...... . .?...
.... ....[. #..
#.#.#.#.##### ......
#...#.Y...#.#(YY# #.......
##.....#Y##.#@#.# #.......
#......Y$...#Y#.# #.......
..#.##(#.Y..YY..# #.......
..#.###......# #.......
...<.......### #.......
.##.P........## #.......
#.(.P...PP...# #.......
#.P.P...P....## #......(
....P.PP.......#####.......


You could see 5 yaks and a friendly +1 spectral war axe (summoned).

Vanquished Creatures
  Maggie (D:7)
  Prince Ribbit (D:5)
  A wraith (D:5)
  6 yaks (D:8)
  A steam dragon (D:8)
  2 water moccasins (D:7)
  An orc warrior (D:7)
  A sky beast (D:6)
  An ice beast (D:7)
  2 ogres
  A centaur (D:8)
  2 kobold brigands
  6 bullfrogs
  2 scorpions (D:6)
  A water moccasin skeleton (D:5)
  5 wights (D:8)
  2 howler monkeys
  A centaur zombie (D:5)
  4 crimson imps (D:4)
  2 bullfrog skeletons (D:7)
  A hound (D:6)
  Crazy Yiuf (D:2)
  A jelly (D:8)
  Jessica (D:3)
  A centaur skeleton (D:7)
  7 iguanas
  A hound skeleton (D:4)
  Robin (D:2)
  11 adders
  6 river rats (Sewer)
  A shadow imp (D:7)
  2 white imps
  4 worms
  A dart slug (D:2)
  15 orcs
  10 endoplasms
  6 giant cockroaches
  7 goblins
  11 hobgoblins
  3 jackals (D:1)
  11 kobolds
  3 quokkas
  13 ball pythons
  9 bats
  6 frilled lizards
  30 rats
206 creatures vanquished.

Vanquished Creatures (others)
  6 fungi (D:8)
  12 plants
18 creatures vanquished.

Grand Total: 224 creatures vanquished

Notes
Turn   | Place    | Note
-------+----------+-------------------------------------------
     0 | D:1      | bande the Gargoyle Fighter began the quest for the Orb.
     0 | D:1      | Reached XP level 1. HP: 14/14 MP: 1/1
   130 | D:1      | Reached XP level 2. HP: 15/19 MP: 2/2
   333 | D:1      | Found Naov's Armour Boutique.
   397 | D:1      | Reached skill level 2 in Axes
   669 | D:1      | Reached XP level 3. HP: 21/23 MP: 3/3
  1152 | D:2      | Found a faded altar of an unknown god.
  1327 | D:2      | Reached XP level 4. HP: 29/29 MP: 4/4
  1547 | D:2      | Noticed Robin
  1559 | D:2      | Killed Robin
  1560 | D:2      | Reached skill level 3 in Axes
  1626 | D:2      | Found a runed translucent door.
  1627 | D:2      | Noticed Crazy Yiuf
  1758 | D:2      | Killed Crazy Yiuf
  1893 | D:3      | Reached XP level 5. HP: 27/33 MP: 5/5
  1997 | D:3      | Noticed Jessica
  2005 | D:3      | Killed Jessica
  2407 | D:4      | Noticed a kobold brigand
  2424 | D:5      | Entered Level 5 of the Dungeon
  2566 | D:5      | Reached skill level 4 in Axes
  2759 | D:5      | Reached XP level 6. HP: 28/38 MP: 6/6
  2841 | D:4      | Identified the ring "Iloshuc" {Fly rElec rPois EV+4 Int-4}
  2935 | D:4      | Acquired 1020 gold pieces
  3076 | D:4      | Reached skill level 5 in Axes
  3230 | D:4      | Reached XP level 7. HP: 44/44 MP: 7/7
  3253 | D:4      | Found a shimmering altar of Xom.
  3378 | D:4      | Reached skill level 1 in Evocations
  4057 | D:5      | Noticed Prince Ribbit
  4065 | D:5      | Killed Prince Ribbit
  4066 | D:5      | Reached skill level 6 in Axes
  4066 | D:5      | Reached XP level 8. HP: 48/48 MP: 8/8
  4132 | D:5      | Noticed a wraith
  4142 | D:5      | Killed a wraith
  4143 | D:5      | Reached skill level 5 in Fighting
  4143 | D:5      | Reached skill level 5 in Armour
  4418 | D:5      | Found a staircase to the Ecumenical Temple.
  4427 | Temple   | Entered the Ecumenical Temple
  4477 | Temple   | Became a worshipper of Warmaster Okawaru
  4501 | D:5      | Found a radiant altar of Vehumet.
  4663 | D:6      | Acquired the amulet of Lucle {Faith *Corrode Will+ Int+4
                  | SInv}
  4743 | D:6      | Found a glowing drain.
  4783 | Sewer    | Entered a sewer
  5009 | Sewer    | Reached skill level 1 in Invocations
  5111 | D:6      | Reached * piety under Okawaru
  5112 | D:6      | Reached skill level 7 in Axes
  5475 | D:6      | Reached XP level 9. HP: 54/54 MP: 10/10
  5546 | D:7      | Reached skill level 5 in Shields
  5582 | D:7      | Found a hide-covered altar of Uskayaw.
  5592 | D:7      | Noticed Maggie
  5604 | D:7      | HP: 2/54 [Maggie/bolt of fire (12)]
  5607 | D:7      | Killed Maggie
  5607 | D:7      | Reached ** piety under Okawaru
  6067 | D:7      | Found Qaomnost's Armour Shoppe.
  6153 | D:7      | Gained mutation: You have a pair of small antennae on your
                  | head. [potion of mutation]
  6153 | D:7      | Gained mutation: Your movements are slightly less
                  | encumbered by armour. (ER -2) [potion of mutation]
  6312 | D:7      | Reached skill level 8 in Axes
  6830 | D:8      | Reached *** piety under Okawaru
  6834 | D:8      | Noticed a centaur warrior
  7139 | D:8      | Reached XP level 10. HP: 58/60 MP: 11/13
  7203 | D:8      | Reached **** piety under Okawaru
  7209 | D:8      | HP: 2/61 [yak (4)]
  7209 | D:8      | Slain by a yak

Illustrated notes

Levels and vault maps discovered:
D:1:      sevenhm_arrival_forest_fort_small_3, layout_loops_ring, serial_shops,
          shop_fountains, minmay_misc_feat_rugged, roderic_st_hans_cross,
          minivault_23, st_stairs_12
D:2:      layout_loops_ring, shapermc_ecumenical_altar_notcrosses,
          uniq_crazy_yiuf_cottage, uniq_robin
D:3:      layout_rooms, serial_bayou_crossing, uniq_jessica
D:4:      cheibrodos_thug_alley, layout_cave_pods, led_xom_imps, minivault_19
D:5:      layout_gridville, lemuel_round_altar, minmay_temple_entry_trees,
          uniq_prince_ribbit1
D:6:      layout_loops_ring, gup_sewer_entry_glass
D:7:      layout_cave_pools, kennysheep_mini_moat, serial_shops, shop,
          uniq_maggie
D:8:      layout_basic, lemuel_zombie_altar_yredelemnul, trog_butcher_becter,
          grunt_lair_entry_orc_guard_hut, wad_dig_loot
Temple:   minmay_temple_bridge_abc

Skill      XL: |  1  2  3  4  5  6  7  8  9 |
---------------+----------------------------+-----
Axes           | 2 3 4 5 6 7 8 |  8.8
Shields        | 4 6 |  6.5
Fighting       | 4 5 6 |  6.3
Armour         | 4 5 6 |  6.6
Evocations     | 1 3 4 |  4.7
Invocations    | 2 4 |  4.5

Action                   |  1- 3 |  4- 6 |  7- 9 | 10-12 || total
-------------------------+-------+-------+-------+-------++-------
Melee: War axe           |    90 |   132 |   175 |    30 ||   427
  Use: Scroll            |     3 |    10 |     7 |       ||    20
       Potion            |       |       |     3 |       ||     3
 Stab: Distracted        |       |       |     1 |       ||     1
Armor: Scale mail        |    52 |    16 |       |       ||    68
       Plate armour      |       |    41 |    89 |       ||   130
       Chain mail        |       |    13 |    21 |    16 ||    50
Dodge: Dodged            |    36 |    55 |    57 |    14 ||   162
Block: Buckler           |    27 |    26 |     2 |       ||    55
       Tower shield      |       |       |   121 |    29 ||   150

Table legend: (Time is in decaauts)
 A = Elapsed time spent in this place.
 B = Non-inter-level travel time spent in this place.
 C = Inter-level travel time spent in this place.
 D = Time resting spent in this place.
 E = Time spent auto-exploring this place.
 F = Levels seen in this place.
 G = Mean time per level.
                   A        B        C        D        E       F      G
               +--------+--------+--------+--------+--------+-----+--------+
         Total |   7391 |   7253 |    138 |    828 |   4813 |  10 |  739.1 |
       Dungeon |   7040 |   6902 |    138 |    828 |   4610 |   8 |  880.0 |
        Temple |     72 |     72 |      0 |      0 |     33 |   1 |   72.0 |
         Sewer |    278 |    278 |      0 |      0 |    170 |   1 |  278.0 |
               +--------+--------+--------+--------+--------+-----+--------+

Top non-repeatable levels by time:
     D:4: 1329 daAuts
     D:2: 1077 daAuts
     D:7: 933 daAuts
     D:5: 922 daAuts
     D:1: 849 daAuts
     D:8: 787 daAuts
     D:6: 631 daAuts
     D:3: 509 daAuts
   Sewer: 278 daAuts
  Temple: 72 daAuts
